 Dungeon Crawl Stone Soup version 0.28.0-53-g5a82cb258f (webtiles) character file.

Game seed: 3570258824241219784

60 Peloso the Covered (level 3, 33/33 HPs)
             Began as a Minotaur Fighter on June 24, 2022.
             Got out of the dungeon alive.
             The game lasted 00:03:17 (2480 turns).

Peloso the Covered (Minotaur Fighter)               Turns: 2480, Time: 00:03:17

Health: 33/33      AC:  7    Str: 22    XL:     3   Next: 80%
Magic:  2/2        EV:  9    Int:  5    God:
Gold:   98         SH:  4    Dex:  9    Spells: 2/2 levels left

rFire   . . .      SeeInvis .   a - +0 long sword
rCold   . . .      Faith    .   c - +0 buckler
rNeg    . . .      Spirit   .   b - +0 scale mail
rPois   .          Reflect  .   (helmet restricted)
rElec   .          Harm     .   (no cloak)
rCorr   .          Rampage  .   (no gloves)
Will    .....                   (no boots)
Stlth   ..........              (no amulet)
HPRegen 0.11/turn               (no ring)
MPRegen 0.08/turn               (no ring)

@: no status effects
A: horns 2, retaliatory headbutt, clumsy 1, strong 1
a: no special abilities


You escaped.
You visited 1 branch of the dungeon, and saw 2 of its levels.

You collected 98 gold pieces.

Inventory:

Hand Weapons
 a - a +0 long sword (weapon)
Armour
 b - a +0 scale mail (worn)
 c - a +0 buckler (worn)
Jewellery
 e - a ring of magical power
Scrolls
 o - a scroll of holy word
Potions
 d - a potion of might
 h - a potion of brilliance {unknown}
 i - 2 potions of curing {unknown}
 j - a potion of magic {unknown}
 l - a potion of heal wounds {unknown}
 n - a potion of berserk rage {unknown}


   Skills:
 + Level 4.2 Fighting
 + Level 3.2 Long Blades
 + Level 4.3 Armour
 + Level 4.2 Shields


You had 2 spell levels left.
You didn't know any spells.
Your spell library was empty.

Dungeon Overview and Level Annotations

Branches:
Dungeon (2/15)

Altars:


Innate Abilities, Weirdness & Mutations

You have a pair of horns on your head.
You reflexively headbutt those who attack you in melee.
You are clumsy. (Dex -2)
Your muscles are strong. (Str +2)


Message History

You kill the ball python!
There is an open door here.
You see here a ball python corpse.
Why would you want to do that? Why would you want to do that?
Found 11 sling bullets.
Done exploring.
You see here 11 sling bullets.
Done exploring.
Done exploring.
Done exploring.
As you read the scroll labelled ZUATAM ZIRIEWE, it crumbles to dust.
It is a scroll of identify.
f - a potion of lignification You drop a potion of lignification.
Things that are here:
a potion of lignification; 11 sling bullets
As you read the scroll labelled MUVVIKOCSEDA, it crumbles to dust.
You feel strangely unstable.
It was a scroll of teleportation.
As you read the scroll labelled YPULAI EPSAO, it crumbles to dust.
You speak a Word of immense power!
It was a scroll of holy word.
As you read the scroll labelled UMEATI BUMO, it crumbles to dust.
You feel momentarily disoriented.
It was a scroll of magic mapping.
Your surroundings suddenly seem different.
It was a potion of mutation.
You feel extremely strange.
You feel clumsy. The horns on your head grow some more.
The horns on your head shrink a bit.
You feel stronger.
(D) Dungeon
Where to? (Enter - D:12, ? - help)
What level of the Dungeon? (default 1, ? - help)
You see here a +0 ring mail.
There is a stone staircase leading up here.
You climb upwards.
There is a stone staircase leading down here.
Things that are here:
a stone; a +0 short sword
There is an open door here.
There is a staircase leading out of the dungeon here.
Are you sure you want to leave the Dungeon?
This will make you lose the game!
You have escaped!

######..#####≈≈≈≈≈≈≈#####..### #
##.### #≈≈≈§....≈≈≈# ###.## #
#.## #...........# ##.# # ##.#
######'###### #.# ###.######
####8'8#### #####.##
.##.##§..###.........###...##.#
.##.#≈≈..##...........##....#.#
.##.#≈g..#'.....().....#....#.#
.##.'§...'8.....@...........'.#
.##.#≈...##............#....#.#
.##.#§≈..##...........##....#.#
..#.##≈..###.........###...##.###
.###.##### ###8(8#8### #####.##..
.# #.# ######'###### #.##.# .#
#.## #....)......# ##.##..
.####.### #≈§≈...§.≈≈≈# ###.##...
....##..#####≈≈≈≈≈≈≈#####..######


There were no monsters in sight!

Vanquished Creatures
  3 dart slugs
  10 ball pythons
  A bat (D:1)
  6 endoplasms
  A giant cockroach (D:2)
  5 goblins
  6 hobgoblins
  3 jackals (D:2)
  6 kobolds
  A quokka (D:1)
  A frilled lizard (D:2)
  3 rats (D:2)
  A bush (D:1)
47 creatures vanquished.

Vanquished Creatures (others)
  3 plants (D:1)
3 creatures vanquished.

Grand Total: 50 creatures vanquished

Notes
Turn   | Place    | Note
-------+----------+-------------------------------------------
     0 | D:1      | Peloso the Minotaur Fighter began the quest for the Orb.
     0 | D:1      | Reached XP level 1. HP: 19/19 MP: 0/0
   428 | D:1      | Reached XP level 2. HP: 27/27 MP: 1/1
  1169 | D:1      | Reached XP level 3. HP: 33/33 MP: 2/2
  1699 | D:2      | Found a faded altar of an unknown god.
  2411 | D:2      | Gained mutation: You are clumsy. (Dex -2) [potion of
                  | mutation]
  2411 | D:2      | Gained mutation: You have a pair of large horns on your
                  | head. [potion of mutation]
  2411 | D:2      | Lost mutation: You have a pair of large horns on your head.
                  | [potion of mutation]
  2411 | D:2      | Gained mutation: Your muscles are strong. (Str +2) [potion
                  | of mutation]
  2480 | D:$      | Got out of the dungeon alive.

Illustrated notes

Levels and vault maps discovered:
D:1:      dpeg_arrival_morbid_curiosity, layout_loops_ring, serial_forest,
          infiniplex_forest_clump_curved, infiniplex_forest_straight_3,
          infiniplex_forest_end_1, infiniplex_forest_straight_2,
          infiniplex_forest_zigzag_1, chequers_serial_rivers_large_b,
          nrook_loot_triangle
D:2:      layout_loops_ring, shapermc_ecumenical_altar_ellora,
          kennysheep_small_spiral, st_stairs_4

Skill      XL: |  1  2  3 |
---------------+----------+-----
Shields        | 4 |  4.2
Fighting       | 4 |  4.2
Armour         | 4 |  4.3
Long Blades    | 3 |  3.2

Action                   || total
-------------------------++-------
Melee: Long sword        ||   139
       Headbutt          ||    36
  Use: Scroll            ||     4
       Potion            ||     1
Armor: Scale mail        ||    30
Dodge: Dodged            ||    32
Block: Buckler           ||    13
